 Dungeon Crawl Stone Soup version 0.27.1-4-g1640c2035a (webtiles) character file.

Game seed: 10206196976091025320

63 ephemera the Chopper (level 3, 0/34 HPs)
             Began as a Minotaur Berserker on Nov 15, 2021.
             Was a Believer of Trog.
             Succumbed to an adder's poison
             ... on level 2 of the Dungeon.
             The game lasted 00:06:39 (1327 turns).

ephemera the Chopper (Minotaur Berserker)           Turns: 1327, Time: 00:06:40

Health: 0/34       AC:  2    Str: 22    XL:     3   Next: 89%
Magic:  2/2        EV: 12    Int:  4    God:    Trog [**....]
Gold:   42         SH:  0    Dex:  9    Spells: 2/2 levels left

rFire    . . .     SeeInvis .   a - +0 hand axe
rCold    . . .     Faith    .   (no shield)
rNeg     . . .     Spirit   .   b - +0 animal skin
rPois    .         Reflect  .   (helmet restricted)
rElec    .         Harm     .   (no cloak)
rCorr    .         Rampage  .   (no gloves)
Will     .....                  (no boots)
Stlth    +.........             (no amulet)
HPRegen  0.11/turn              (no ring)
MPRegen  0.08/turn              (no ring)

@: lethally poisoned (0 -> -5)
A: horns 2, retaliatory headbutt
a: Renounce Religion, Berserk, Trog's Hand


You were on level 2 of the Dungeon.
You worshipped Trog.
Trog was pleased with you.
You visited 1 branch of the dungeon, and saw 2 of its levels.

You collected 42 gold pieces.

Inventory:

Hand Weapons
 a - a +0 hand axe (weapon)
 c - a +0 dagger
 h - a +0 falchion
 i - a +3 dagger
Missiles
 f - 57 stones (quivered)
Armour
 b - a +0 animal skin (worn)
Scrolls
 d - a scroll of magic mapping {unknown}
 e - a scroll of identify {unknown}
 l - a scroll of enchant armour {unknown}
Potions
 g - a potion of might {unknown}
 j - a potion of attraction {unknown}
 k - a potion of cancellation {unknown}


   Skills:
 + Level 4.4 Fighting
 + Level 4.8 Axes
 + Level 2.8 Armour
 + Level 2.5 Dodging


You had 2 spell levels left.
You didn't know any spells.
Your spell library was empty.

Dungeon Overview and Level Annotations

Branches:
Dungeon (2/15)

Altars:


Innate Abilities, Weirdness & Mutations

You have a pair of horns on your head.
You reflexively headbutt those who attack you in melee.


Message History

You closely miss the bat. The bat misses you. The bat hits you.
The bat misses you.
You barely miss the bat. The bat closely misses you. The bat misses you.
You furiously retaliate!
You headbutt the bat.
You kill the bat!
Trog accepts your kill.
l - a scroll labelled KAEHUGRUET
There are no items here.
You now have 42 gold pieces (gained 9).
There are no items here.
An adder comes into view.
You feel yourself speed up.
The adder hisses angrily.
The adder bites you.
You completely miss the adder. Your headbutt misses the adder.
The adder bites you.
You hit the adder but do no damage. The adder bites you.
You are poisoned.
The adder poisons you! The adder bites you.
You hit the adder.
The adder is lightly wounded.
You feel sick. The adder bites you.
* * * LOW HITPOINT WARNING * * *
You hit the adder.
The adder is lightly wounded.
You feel sick. The adder bites you.
* * * LOW HITPOINT WARNING * * *
You are lethally poisoned!
The adder poisons you! The adder barely misses you.
You're still recovering from your berserk rage.
Okay, then.
Unknown command.
* * * LOW HITPOINT WARNING * * *
You feel sick. The adder bites you but does no damage.
* * * LOW HITPOINT WARNING * * *
You feel sick. The adder closely misses you. You furiously retaliate!
You headbutt the adder.
Found an escape hatch in the ceiling.
You recover from your berserk rage.
You die...

...............
................ ....<
................#....
....................#
..†......#####......#
......##...# #......#
......##...###......###.
.....†##................
......##........@.......
......##........####....
......####....S.####.. .
.........#.............
.......................
.....................#.
............###......#
....................##
.######.............#


You could see an adder.

Vanquished Creatures
  Natasha (D:2)
  A dart slug (D:1)
  3 ball pythons
  3 endoplasms
  2 giant cockroaches (D:1)
  4 hobgoblins (D:1)
  8 jackals (D:1)
  3 bats
  2 frilled lizards (D:1)
  2 goblins (D:1)
  A kobold (D:1)
  4 rats (D:1)
34 creatures vanquished.

Notes
Turn   | Place    | Note
-------+----------+-------------------------------------------
     0 | D:1      | ephemera the Minotaur Berserker began the quest for the
                  | Orb.
     0 | D:1      | Reached XP level 1. HP: 19/19 MP: 0/0
    32 | D:1      | Found a faded altar of an unknown god.
   116 | D:1      | Reached XP level 2. HP: 27/27 MP: 1/1
  1010 | D:1      | Reached XP level 3. HP: 27/33 MP: 2/2
  1209 | D:1      | Reached ** piety under Trog
  1282 | D:2      | Noticed Natasha
  1289 | D:2      | Killed Natasha
  1326 | D:2      | HP: 1/34 [poisoned by an adder]
  1327 | D:2      | Succumbed to an adder's poison

Illustrated notes

Levels and vault maps discovered:
D:1:      dpeg_arrival_prison, layout_loops_corners,
          ebering_ecumenical_altar_sacrificial
D:2:      layout_basic, uniq_natasha, uniq_terence

Skill      XL: |  1  2 |
---------------+-------+-----
Fighting       | 4 |  4.4
Axes           | 4 |  4.8
Armour         | |  2.8
Dodging        | |  2.5

Action                   || total
-------------------------++-------
Melee: Hand axe          ||    56
       Headbutt          ||     8
Invok: Berserk           ||     3
Armor: Animal skin       ||    11
Dodge: Dodged            ||    44
